 Dungeon Crawl Stone Soup version 0.22.1-2-g9c5b331 (webtiles) character file.

196 lepoulpe303 the Skirmisher (level 5, 0/35 HPs)
             Began as a Gargoyle Fighter on Nov 17, 2018.
             Slain by a river rat (6 damage)
             ... in a sewer.
             The game lasted 00:13:40 (2704 turns).

lepoulpe303 the Skirmisher (Gargoyle Fighter)       Turns: 2704, Time: 00:13:40

Health: 0/35       AC: 15    Str: 20    XL:     5   Next: 75%
Magic:  5/5        EV:  7    Int:  9    God:
Gold:   147        SH: 12    Dex:  9    Spells: 4/4 levels left

rFire    . . .     SeeInvis .   a - +0 flail
rCold    . . .     Gourm    .   c - +0 shield
rNeg     + . .     Faith    .   b - +0 scale mail
rPois    ∞         Spirit   .   n - +0 helmet
rElec    +         Reflect  +   d - +2 cloak
rCorr    .         Harm     .   (no gloves)
MR       .....                  (no boots)
Stlth    ..........             p - +3 amulet of reflection
HPRegen  0.11/turn              (no ring)
MPRegen  0.09/turn              x - ring of poison resistance

@: no status effects
A: negative energy resistance 1, electricity resistance, unbreathing,
petrification resistance, rot immunity, AC +4
a: no special abilities


You were in a sewer.
You were not hungry.

You visited 1 branch of the dungeon, and saw 3 of its levels.
You also visited: Sewer.

You collected 147 gold pieces.

Inventory:

Hand Weapons
 a - a +0 flail (weapon)
Missiles
 g - 47 stones {=f}
 q - a throwing net (quivered) {!f}
Armour
 b - a +0 scale mail (worn)
 c - a +0 shield (worn)
 d - a +2 cloak (worn)
 n - a +0 helmet (worn)
Jewellery
 p - a +3 amulet of reflection (around neck)
 x - a ring of poison resistance (right hand)
Scrolls
 e - a scroll of blinking {unknown}
 m - 5 scrolls of identify
 r - 5 scrolls of magic mapping {unknown}
 t - a scroll of noise {unknown}
Potions
 h - a potion of flight {unknown}
 k - 3 potions of ambrosia {unknown}
 l - a potion of lignification {unknown}
 o - a potion of degeneration {unknown}
 v - a potion of haste {unknown}
 w - a potion of curing {unknown}
Comestibles
 f - 3 rations


   Skills:
 * Level 5.0 Fighting
 + Level 3.0 Maces & Flails
 + Level 4.2 Armour
 + Level 4.2 Shields


You had 4 spell levels left.
You didn't know any spells.
Your spell library was empty.

Dungeon Overview and Level Annotations

Branches:
Dungeon (3/15)

Altars:

Annotations:
D:3 Natasha


Innate Abilities, Weirdness & Mutations

You are resistant to torment.
Your stone body is resilient. (AC +4)
You are immune to poison.
You resist negative energy. (rN+)
You are resistant to electric shocks. (rElec)
You can survive without breathing.
You are immune to petrification.
You are immune to rotting.


Message History

The rat closely misses you. The river rat bites you.
* * * LOW HITPOINT WARNING * * *
You block the rat's attack. The river rat barely misses you.
You barely miss the river rat.
The rat splashes around in the water.
The rat bites you but does no damage. You block the river rat's attack.
The rat bites you but does no damage.
The river rat bites you but does no damage.
You barely miss the river rat. You block the rat's attack.
The rat bites you but does no damage. You block the river rat's attack.
The rat bites you.
* * * LOW HITPOINT WARNING * * *
You block the river rat's attack. The rat barely misses you.
The rat bites you but does no damage.
You thump the river rat!
The river rat is severely wounded.
The river rat completely misses you.
The rat splashes around in the water.
You block the river rat's attack. You block the rat's attack.
The rat bites you but does no damage. You block the river rat's attack.
The river rat bites you.
You die...

#≈≈≈≈.≈#
#≈≈≈≈≈≈#
#≈≈≈≈≈≈#
#≈≈≈≈≈≈#
#≈≈≈≈≈≈#
#≈≈≈≈≈≈#
#≈≈≈≈≈≈#
#≈≈rrr≈#
#.≈r@r##
#......#
#..∩∩..#
#......#
##....##
######


You could see 2 river rats and 3 rats.

Vanquished Creatures
  Crazy Yiuf (D:2)
  Natasha (D:3)
  3 gnolls (D:2)
  A river rat (Sewer)
  4 adders
  An ooze (D:1)
  2 worms (D:3)
  A dart slug (D:1)
  A leopard gecko (D:3)
  4 giant cockroaches
  5 goblins
  11 hobgoblins
  7 kobolds
  4 quokkas
  7 bats
  3 frilled lizards
  7 rats
63 creatures vanquished.

Notes
Turn   | Place    | Note
-------+----------+-------------------------------------------
     0 | D:1      | lepoulpe303 the Gargoyle Fighter began the quest for the
                  | Orb.
     0 | D:1      | Reached XP level 1. HP: 14/14 MP: 1/1
   322 | D:1      | Reached XP level 2. HP: 8/19 MP: 2/2
   730 | D:1      | Reached XP level 3. HP: 24/24 MP: 3/3
   943 | D:1      | Reached skill level 4 in Fighting
  1149 | D:2      | Reached XP level 4. HP: 24/29 MP: 4/4
  1238 | D:2      | Found a faded altar of an unknown god.
  1474 | D:2      | Found a runed door.
  1478 | D:2      | Noticed Crazy Yiuf
  1570 | D:2      | Killed Crazy Yiuf
  1570 | D:2      | Reached XP level 5. HP: 6/34 MP: 3/5
  2344 | D:3      | Noticed Natasha
  2358 | D:3      | Killed Natasha
  2501 | D:3      | Noticed Natasha
  2510 | D:3      | Reached skill level 5 in Fighting
  2518 | D:3      | Found a glowing drain.
  2522 | Sewer    | Entered a sewer
  2704 | Sewer    | Slain by a river rat

Skill      XL: |  1  2  3  4  5 |
---------------+----------------+-----
Fighting       | 4 5 |  5.0
Armour         | 4 |  4.2
Shields        | 4 |  4.2
Maces & Flails | 3 |  3.0

Action                   |  1- 3 |  4- 6 || total
-------------------------+-------+-------++-------
Melee: Flail             |   122 |   149 ||   271
  Use: Potion            |       |     1 ||     1
       Scroll            |       |     3 ||     3
  Eat: Chunk             |     1 |     5 ||     6
Armor: Scale mail        |    96 |   121 ||   217
Dodge: Dodged            |    57 |    64 ||   121
Block: Shield            |    98 |   117 ||   215
